 Dungeon Crawl Stone Soup version 0.13-a0-2590-g8c14591 (webtiles) character file.

30 4tharraofdagon the Vexing (level 1, -16/9 HPs)
             Began as a Spriggan Enchanter on Aug 2, 2013.
             Demolished by an ogre
             ... wielding a +0,+0 great mace
              (19 damage)
             ... on Level 4 of the Dungeon.
             The game lasted 00:02:17 (297 turns).

4tharraofdagon the Vexing (Spriggan Enchanter)       Turns: 297, Time: 00:02:17

HP -16/9         AC  3     Str  4      XL: 1   Next: 25%
MP   4/4         EV 18     Int 16      God:
Gold 28          SH  0     Dex 16      Spells:  1 memorised,  1 level left

Res.Fire  : . . .   See Invis. : +   a - +1 dagger {=f}
Res.Cold  : . . .   Warding    : .   b - +1 robe
Life Prot.: . . .   Conserve   : .   (shield restricted)
Res.Poison: .       Res.Corr.  : .   (helmet restricted)
Res.Elec. : .       Clarity    : .   (no cloak)
Sust.Abil.: . .     Spirit.Shd : .   (gloves unavailable)
Res.Mut.  : .       Stasis     : .   (boots unavailable)
Res.Rott. : .       Flight     : .   (no amulet)
Saprovore : . . .                    (no ring)
                                     (no ring)

@: confused, very quick, not resistant to hostile enchantments, unstealthy
A: unfitting armour, see invisible, herbivore 3, speed 3, slow metabolism 2
a: no special abilities


You were on level 4 of the Dungeon.
You were not hungry.

You visited 1 branch of the dungeon, and saw 4 of its levels.

You collected 34 gold pieces.
You spent 26 gold pieces at shops.

Inventory:

Hand weapons
 a - a +1,+1 dagger (weapon) {=f}
Missiles
 d - 12 darts (quivered)
Armour
 b - a +1 robe (worn)
Scrolls
 g - a scroll of teleportation {unknown}
 i - 2 scrolls of random uselessness {unknown}
 j - a scroll of noise {unknown}
 l - a scroll of curse armour {unknown}
 m - a scroll of identify {unknown}
Potions
 e - a potion of porridge
 f - a potion of brilliance {unknown}
 h - a potion of might {unknown}
 k - a potion of magic {unknown}
Books
 c - a book of Maledictions

   Spells                             Type                      Level
   *Corona                            Hexes                        1
   Sure Blade                         Hexes/Charms                 2
   Ensorcelled Hibernation            Hexes/Ice                    2
   Confuse                            Hexes                        3
   Enslavement                        Hexes                        4
   Invisibility                       Hexes                        6


   Skills:
 * Level 1.3 Short Blades
 - Level 1.1 Throwing
 + Level 3.1 Dodging
 - Level 3.0 Stealth
 - Level 1.3 Spellcasting
 - Level 3.6 Hexes


You had one spell level left.
You knew the following spells:

 Your Spells              Type           Power        Failure   Level  Hunger
a - Corona                Hex            ##.....      8%          1    ##.....


Dungeon Overview and Level Annotations

Branches:
Dungeon (5/27)
 Temple: D:4-7

Altars:

Shops:
D:5: *


Innate Abilities, Weirdness & Mutations

You are tiny and cannot use many weapons and most armour.
You have supernaturally acute eyesight.
You are a herbivore.
You cover ground extremely quickly.
You need consume almost no food.


Message History

The centaur shoots an arrow of dispersal.
The arrow of dispersal misses you.
The centaur shoots an arrow of dispersal.
The arrow of dispersal hits you!
You blink.
Ouch! That really hurt!
Unknown command.
There is a stone staircase leading up here.
You climb upwards.
The orc wizard casts a spell at you.
You are confused.
The ogre misses you.
There is a stone staircase leading down here.
Unknown command.
Unknown command.
There is a stone staircase leading down here.
Unknown command.
Unknown command.
Ouch! The ogre hits you with a great mace!
Ouch! That really hurt!
You die...

. #### ###### ###.### ...$
...... ...... ....###......
...... . ..............
..... ..? o .......# #..#
........
.?$....#########..#...o.....
#
...................?........
.# .....####.....aO@..# ..
... #.# .....#
#.######..#.#... #$. #..#
...... #.#
#..#..#..##..#...# .....[
#.# #[.....#....#....#
...... #.#
#.......#..#.....# .......
#.# #....##.. #..##..# ...
#.# ##....##).##..##..# ...
.........#..#....## #.#
#......#....#...#


You could see an ogre, a worker ant and an orc wizard.

Vanquished Creatures
  A giant newt (D:1)
  2 goblins (D:1)
3 creatures vanquished.

Notes
Turn   | Place    | Note
--------------------------------------------------------------
     0 | D:1      | 4tharraofdagon, the Spriggan Enchanter, began the quest for the Orb.
     0 | D:1      | Reached XP level 1. HP: 9/9 MP: 4/4
   216 | D:2      | You fall through a shaft!
   216 | D:4      | Noticed an orc wizard
   232 | D:4      | You fall through a shaft!
   232 | D:5      | Entered Level 5 of the Dungeon
   242 | D:5      | Found Eruutidghini's Assorted Antiques.
   252 | D:5      | Bought a lumpy orange potion for 26 gold pieces
   261 | D:4      | Noticed an orc wizard
   270 | D:4      | Noticed an ogre
   274 | D:4      | Noticed a worker ant
   291 | D:5      | Noticed a centaur
   297 | D:4      | Demolished by an ogre

Action                   || total
-------------------------++-------
Melee: Dagger            ||     8
 Cast: Corona            ||     3
